 Dungeon Crawl Stone Soup version 0.30.1 (webtiles) character file.

Game seed: 2395179778222405484

76 Sabo the Trooper (level 4, -3/29 HPs)
             Began as a Gargoyle Monk on July 8, 2023.
             Slain by Pargi (6 damage)
             ... on level 3 of the Dungeon.
             The game lasted 00:08:12 (1992 turns).

Sabo the Trooper (Gargoyle Monk)                    Turns: 1992, Time: 00:08:13

Health: -3/29      AC: 10    Str: 16    XL:     4   Next: 32%
Magic:  4/4        EV: 11    Int: 11    God:
Gold:   98         SH:  0    Dex: 12    Spells: 3/3 levels left

rFire   . . .        a - +0 hand axe
rCold   . . .        d - orb {light}
rNeg    + . .        g - +0 ring mail
rPois   ∞            (no helmet)
rElec   +            (no cloak)
rCorr   +            f - +0 pair of gloves
SInv    .            (no boots)
Will    .....        (no amulet)
Stlth   +            l - ring of resist corrosion
HPRegen 0.24/turn    (no ring)
MPRegen 0.09/turn

%: no passive effects
@: glowing
A: sickness immunity, AC +3, negative energy resistance 1, electricity
resistance, torment resistance 1, petrification resistance
a: no special abilities


You were on level 3 of the Dungeon.
You visited 1 branch of the dungeon, and saw 3 of its levels.

You collected 98 gold pieces.

Inventory:

Hand Weapons
 a - a +0 hand axe (weapon)
Armour
 d - an orb of light (worn)
 f - a +0 pair of gloves (worn)
 g - a +0 ring mail (worn)
Jewellery
 l - a ring of resist corrosion (left hand)
Scrolls
 i - a scroll of teleportation
Potions
 b - a potion of lignification {unknown}
 c - a potion of ambrosia
 e - a potion of heal wounds {unknown}
 h - a potion of curing {unknown}
 k - a potion of magic {unknown}


   Skills:
 + Level 3.7 Fighting
 + Level 3.6 Axes
 + Level 1.6 Armour
 + Level 2.7 Dodging
 + Level 0.3 Stealth


You had 3 spell levels left.
You didn't know any spells.
Your spell library was empty.

Dungeon Overview and Level Annotations

Branches:
Dungeon (3/15)

Altars:

Annotations:
D:3 Pargi


Innate Abilities, Weirdness & Mutations

You are immune to sickness and miasma.
Your stone body is resilient. (AC +3)
You are immune to poison.
You resist negative energy. (rN+)
You are resistant to electric shocks. (rElec)
You are resistant to unholy torment.
You are immune to petrification.


Message History

The orc wizard flickers and vanishes for a moment.
Pargi bites you but does no damage. Pargi closely misses you.
Pargi claws you but does no damage.
You barely miss Pargi. Pargi bites you. Pargi claws you but does no damage. x2
You hit Pargi but do no damage. Pargi bites you.
Pargi claws you but does no damage. Pargi barely misses you.
You hit Pargi.
Pargi is lightly wounded.
Pargi bites you. Pargi claws you but does no damage. x2
You completely miss Pargi.
Pargi is lightly wounded.
Pargi bites you.
Pargi claws you but does no damage. x2; Pargi misses you.
Pargi claws you but does no damage. Pargi claws you.
* * * LOW HITPOINT WARNING * * *
You hit Pargi.
Pargi is lightly wounded.
A kobold comes into view. It is wielding a +0 short sword.
Pargi completely misses you. Pargi claws you but does no damage.
Pargi barely misses you.
The kobold shouts!
You hit Pargi.
Pargi is lightly wounded.
You hear a shout!
Pargi bites you but does no damage. Pargi claws you but does no damage.
Pargi misses you.
You hit Pargi.
Pargi is moderately wounded.
Pargi barely misses you. Pargi claws you but does no damage. Pargi misses you.
You completely miss Pargi.
Pargi is moderately wounded.
Pargi barely misses you. Pargi claws you but does no damage. x2
You hit Pargi.
Pargi is moderately wounded.
Pargi bites you!
* * * LOW HITPOINT WARNING * * *
Pargi claws you but does no damage. x2
You hit Pargi.
Pargi is moderately wounded.
Pargi bites you.
You die...

#...........#####.# ..
#..........)'))...#
..#####...........#######
..oo....###+#.......#
........# #...###.#
?......+ #.......# .....#
#.####### #.o#####.#
#.ooT@...#
..._...K####### .#...#..#
##. #.## (. .. ## ###


You could see Pargi, an orc wizard (invisible), 2 orcs and a kobold.

Vanquished Creatures
  An orc wizard (D:3)
  3 adders (D:2)
  3 orcs (D:3)
  4 ball pythons (D:2)
  An endoplasm (D:3)
  4 goblins
  5 bats
  2 frilled lizards
  2 rats (D:2)
25 creatures vanquished.

Notes
Turn   | Place    | Note
-------+----------+-------------------------------------------
     0 | D:1      | Sabo the Gargoyle Monk began the quest for the Orb.
     0 | D:1      | Reached XP level 1. HP: 14/14 MP: 1/1
  1069 | D:2      | Reached XP level 2. HP: 18/19 MP: 2/2
  1237 | D:2      | Reached XP level 3. HP: 21/23 MP: 3/3
  1461 | D:2      | Reached skill level 1 in Armour
  1858 | D:3      | Reached XP level 4. HP: 12/29 MP: 4/4
  1972 | D:3      | Found a faded altar of an unknown god.
  1973 | D:3      | Noticed Pargi
  1992 | D:3      | Slain by Pargi

Illustrated notes

Levels and vault maps discovered:
D:1:      dpeg_arrival_water_fire, layout_basic, corexii_hall_statues_s
D:2:      layout_basic
D:3:      layout_basic, ebering_ecumenical_altar_box, wad_orctagon, uniq_robin,
          uniq_pargi

Skill      XL: |  1  2  3 |
---------------+----------+-----
Axes           | 3 |  3.6
Armour         | 1 |  1.6
Fighting       | |  3.7
Dodging        | |  2.7
Stealth        | |  0.3

Action                     |  1- 3 |  4- 6 || total
---------------------------+-------+-------++-------
  Melee: Hand axe          |    77 |    16 ||    93
    Use: Scroll            |     2 |       ||     2
 Armour: Ring mail         |    40 |    23 ||    63
         Robe              |     5 |       ||     5
  Dodge: Dodged            |    45 |    12 ||    57
